 Dungeon Crawl Stone Soup version 0.31-a0-1499-ge0622b2318 (console) character file.

Game seed: 1788126604788416112

86597 jejorda2 the Cleaver (level 15, 0/122 HPs)
             Began as a Gnoll Berserker on Dec 29, 2023.
             Was a High Priest of Trog.
             Killed from afar by an occultist (10 damage)
             ... with a poison arrow
             ... on level 15 of the Dungeon.
             The game lasted 01:02:35 (31927 turns).

jejorda2 the Cleaver (Gnoll Berserker)             Turns: 31927, Time: 01:02:35

Health: 0/122      AC: 27    Str: 23    XL:     15   Next: 87%
Magic:  4/29       EV: 11    Int:  7    God:    Trog [*****.]
Gold:   897        SH:  0    Dex: 12    Spells: 35/35 levels left

rFire   . . .        a - +6 lajatang (spect)
rCold   . . .        (shield currently unavailable)
rNeg    . . .        S - +3 plate armour {Will+}
rPois   +            x - +0 helmet
rElec   .            (no cloak)
rCorr   .            v - +3 Mad Mage's Maulers {Infuse+∞ VampMP -Cast}
SInv    .            i - +2 pair of boots
Will    ++...        (no amulet) Stlth
                     e - ring of poison resistance
HPRegen 0.40/turn    B - +4 ring of slaying
MPRegen 0.21/turn

%: no spellcasting, infuse magic (4 MP)
@: lethally poisoned (0 -> -5), on berserk cooldown, slowed, very slow
A: fangs 1, strong nose, distributed training
a: Renounce Religion, Berserk, Trog's Hand, Brothers in Arms


You were on level 15 of the Dungeon.
You worshipped Trog.
Trog was extremely pleased with you.
You visited 2 branches of the dungeon, and saw 20 of its levels.

You collected 2302 gold pieces.
You spent 1405 gold pieces at shops.

Inventory:

Hand Weapons
 a - a +6 spectral lajatang (weapon)
 b - a +0 demon whip of venom
 w - a +3 heavy battleaxe
Missiles
 n - 41 poisoned darts (quivered)
 o - 3 throwing nets
 A - 3 javelins
 C - 3 silver javelins
 F - 7 boomerangs
Armour
 i - a +2 pair of boots (worn)
 r - a +1 ring mail of cold resistance
 v - the +3 Mad Mage's Maulers (worn) {Infuse+∞ VampMP -Cast}
   (You acquired it on level 7 of the Dungeon)

   Infuse+∞: It empowers its wearer's blows with all of their magic.
   VampMP:    Blows struck in melee replenish the wearer's magic.
   -Cast:     It prevents spellcasting.
 x - a +0 helmet (worn)
 L - +0 fire dragon scales
 S - a +3 plate armour of willpower (worn)
Jewellery
 e - a ring of poison resistance (left hand)
 t - a ring of positive energy
 B - a +4 ring of slaying (right hand)
 M - a ring of fire
Wands
 g - a wand of flame (27)
 u - a wand of quicksilver (11)
 D - a wand of roots (26)
 E - a wand of polymorph (13)
 H - a wand of paralysis (12)
 I - a wand of mindburst (10)
Scrolls
 c - 8 scrolls of identify
 d - 21 scrolls of teleportation
 f - a scroll of fear
 l - 3 scrolls of silence
 p - 3 scrolls of fog
 y - 5 scrolls of immolation
 R - a scroll of butterflies
Potions
 h - 3 potions of ambrosia
 j - 5 potions of invisibility
 k - 3 potions of heal wounds
 m - 2 potions of resistance
 q - 9 potions of curing
 s - 3 potions of mutation
 z - a potion of magic
 G - 2 potions of lignification
 K - a potion of might
 N - a potion of cancellation
Miscellaneous
 O - a lightning rod (4/4)


   Skills:
 + Level 12.5 Fighting
 + Level 10.8 Short Blades
 + Level 10.8 Long Blades
 + Level 12.5 Axes
 + Level 10.8 Maces & Flails
 + Level 10.8 Polearms
 + Level 10.8 Staves
 + Level 10.8 Ranged Weapons
 + Level 10.8 Throwing
 + Level 11.7 Armour
 + Level 11.7 Dodging
 + Level 10.8 Stealth
 + Level 10.8 Shields
 + Level 10.8 Unarmed Combat
 + Level 10.8 Spellcasting
 + Level 9.1 Conjurations
 + Level 9.1 Hexes
 + Level 9.1 Summonings
 + Level 9.1 Necromancy
 + Level 9.1 Translocations
 + Level 9.1 Fire Magic
 + Level 9.1 Ice Magic
 + Level 9.1 Air Magic
 + Level 9.1 Earth Magic
 + Level 9.1 Alchemy
 + Level 11.7 Invocations
 + Level 10.8 Evocations
 + Level 9.9 Shapeshifting


You had 35 spell levels left.
You didn't know any spells.
Your spell library was empty.

Dungeon Overview and Level Annotations

Branches:
Dungeon (15/15)            Temple (0/1) D:7            Lair (5/5) D:10
 Shoals (0/4) Lair:2       Spider (0/4) Lair:2        Slime (0/5) Lair:4
    Orc (0/2) D:9          Vaults (0/5) D:13
 Depths: D:15

Altars:
Elyvilon
Nemelex Xobeh
Sif Muna
Trog
Vehumet
Wu Jian
Zin
Jiyva

Shops:
D:7 (   D:9 :   D:12 ***(?=   D:13 (

Annotations:
D:5 2 transporters, BigPumpCobain's ghost, novice DrSh
D:7 2 runed translucent doors


Innate Abilities, Weirdness & Mutations

You have very sharp teeth.
Your uncanny sense of smell can sniff out nearby items.
Your experience applies equally to all skills.


Message History

You kill the red ugly thing!
Trog accepts your kill. The red ugly thing engulfs you.
* * * LOW HITPOINT WARNING * * *
You are engulfed in flames!!
* * * LOW HITPOINT WARNING * * *
You slice the red ugly thing!!
The red ugly thing is moderately wounded.
Your +6 spectral lajatang hits the red ugly thing.
The red ugly thing punches you but does no damage.
You slice the red ugly thing!!
The red ugly thing is almost dead.
Your +6 spectral lajatang hits the red ugly thing!!!
You feel the power of Trog in you as your rage grows.
You kill the red ugly thing!
Trog accepts your kill.
You slice the red ugly thing!!
The red ugly thing is heavily wounded.
Your +6 spectral lajatang hits the red ugly thing!!
The red ugly thing punches you but does no damage.
You slice the red ugly thing!!
You kill the red ugly thing!
Trog accepts your kill.
Your +6 spectral lajatang disappears.
Items here: ) †.
You feel a strong urge to attack something.
You now have 897 gold pieces (gained 20).
You feel your anger nearly subside.
You are no longer berserk.
You are exhausted.
You feel yourself slow down.
You see here a tengu corpse.
Something unseen opens the door.
You see here a tengu corpse.
An occultist comes into view. It is wielding a +0 dagger of venom.
The occultist shouts!
The occultist gestures at you while chanting.
The poison arrow hits you!
You are poisoned.
You partially resist.
You die...

#.....†#
#....).#
+......#########
#...........$...
#....†..........
#.............$.
###..†.##...####
#....##...#
#..@........
#..†)........
#............
#...#####p#
##...# . +...<#
#.[..# #....#
#....#


You could see an occultist.

Vanquished Creatures
  Josephine (D:12)
  10 hydras
  The ghost of Qaots the Blocker, a journeyman FoFi of Qazlal (D:11)
  3 boulder beetles
  A deep troll shaman (Lair:5)
  A catoblepas (Lair:5)
  2 centaur warriors
  9 two-headed ogres
  20 death yaks
  2 tengu warriors
  A demonic crawler (Lair:1)
  A skyshark (Lair:3)
  Amaemon (Lair:1)
  An arcanist (D:13)
  An orc knight (D:13)
  A necromancer (D:13)
  A lindwurm (Lair:1)
  3 deep elf pyromancers
  10 ugly things
  4 manticores
  2 elephants (Lair:5)
  3 cyclopes
  A smoke demon (D:9)
  5 black mambas
  6 slime creatures (D:12)
  3 meliai (D:13)
  17 cane toads
  An unseen horror (D:11)
  3 gargoyles
  An orange demon (Lair:1)
  A kobold demonologist (D:7)
  12 komodo dragons
  7 rime drakes
  An efreet (D:14)
  2 tengu conjurers (D:15)
  2 red devils (D:9)
  4 trolls
  2 polar bears (Lair:5)
  A hornet (D:8)
  A hellwing (D:9)
  4 blink frogs (Lair:5)
  Grinder (D:4)
  A tarantella (Lair:2)
  18 dream sheep
  Sigmund (D:4)
  8 wraiths
  A culicivora (Lair:2)
  2 shadows (D:9)
  A spriggan (shapeshifter) (D:14)
  2 vampires
  10 wyverns
  6 basilisks
  47 yaks
  A steam dragon (D:7)
  13 vampire mosquitoes
  The ghost of Pokonic1 the Trooper, an amateur GrMo (D:4)
  5 acid dragons
  Duvessa (D:4)
  2 swamp worms (Lair:1)
  4 orc warriors
  17 water moccasins
  A black bear (D:4)
  3 ice beasts
  A swamp drake (D:10)
  3 sky beasts (D:7)
  2 ogres
  3 boggarts (D:14)
  16 wolves
  8 centaurs
  A phantom (D:4)
  11 bullfrogs
  4 kobold brigands
  A gnoll sergeant (D:7)
  A scorpion (D:7)
  5 wights (D:9)
  Dowan (D:4)
  4 killer bees (D:11)
  3 jellies
  3 bombardier beetles
  3 electric eels
  6 howler monkeys
  3 hounds
  10 orc priests
  3 gnoll boudas
  4 sleepcaps
  4 iguanas
  11 orc wizards
  Robin (D:4)
  7 adders
  17 gnolls
  6 ufetubi
  3 dart slugs
  38 orcs
  8 endoplasms
  5 giant cockroaches
  16 goblins
  10 hobgoblins
  4 jackals (D:1)
  17 kobolds
  3 quokkas
  9 ball pythons
  5 bats
  A frilled lizard (D:1)
  7 rats
  A butterfly (D:3)
568 creatures vanquished.

Vanquished Creatures (others)
  2 spectral weapons
2 creatures vanquished.

Grand Total: 570 creatures vanquished

Notes
Turn   | Place    | Note
-------+----------+-------------------------------------------
     0 | D:1      | jejorda2 the Gnoll Berserker began the quest for the Orb.
     0 | D:1      | Reached XP level 1. HP: 23/23 MP: 1/1
   233 | D:1      | Reached XP level 2. HP: 29/29 MP: 2/2
   509 | D:1      | Reached ** piety under Trog
   620 | D:1      | Reached XP level 3. HP: 32/35 MP: 3/3
   661 | D:1      | You fall into a shaft and drop 1 floor!
   890 | D:1      | Reached skill level 1 in Invocations
  1030 | D:2      | Reached skill level 1 in Short Blades
  1030 | D:2      | Reached skill level 1 in Long Blades
  1030 | D:2      | Reached skill level 1 in Maces & Flails
  1030 | D:2      | Reached skill level 1 in Polearms
  1030 | D:2      | Reached skill level 1 in Staves
  1030 | D:2      | Reached skill level 1 in Ranged Weapons
  1030 | D:2      | Reached skill level 1 in Throwing
  1030 | D:2      | Reached skill level 1 in Stealth
  1030 | D:2      | Reached skill level 1 in Shields
  1030 | D:2      | Reached skill level 1 in Unarmed Combat
  1030 | D:2      | Reached skill level 1 in Spellcasting
  1030 | D:2      | Reached skill level 1 in Evocations
  1230 | D:2      | Reached skill level 1 in Shapeshifting
  1230 | D:2      | Reached XP level 4. HP: 41/41 MP: 5/5
  1293 | D:2      | Reached skill level 1 in Conjurations
  1293 | D:2      | Reached skill level 1 in Hexes
  1293 | D:2      | Reached skill level 1 in Summonings
  1293 | D:2      | Reached skill level 1 in Necromancy
  1293 | D:2      | Reached skill level 1 in Translocations
  1293 | D:2      | Reached skill level 1 in Fire Magic
  1293 | D:2      | Reached skill level 1 in Ice Magic
  1293 | D:2      | Reached skill level 1 in Air Magic
  1293 | D:2      | Reached skill level 1 in Earth Magic
  1293 | D:2      | Reached skill level 1 in Alchemy
  1850 | D:3      | Reached XP level 5. HP: 47/47 MP: 5/7
  2278 | D:3      | Found a sparkling altar of Nemelex Xobeh.
  2394 | D:3      | Reached XP level 6. HP: 53/53 MP: 8/8
  2430 | D:3      | Reached skill level 5 in Armour
  2430 | D:3      | Reached skill level 5 in Dodging
  2685 | D:3      | Found a white marble altar of Elyvilon.
  2779 | D:3      | Found an ornate altar of the Wu Jian Council.
  2943 | D:4      | Noticed Grinder
  2965 | D:4      | Killed Grinder
  2966 | D:4      | Reached XP level 7. HP: 53/60 MP: 10/10
  3269 | D:4      | Noticed Robin
  3275 | D:4      | Reached *** piety under Trog
  3288 | D:4      | Killed Robin
  3325 | D:4      | Noticed Sigmund
  3339 | D:4      | Killed Sigmund
  3340 | D:4      | Reached XP level 8. HP: 53/67 MP: 12/12
  3392 | D:4      | Found a runed translucent door.
  3392 | D:4      | Noticed Pokonic1's ghost (amateur GrMo)
  3392 | D:4      | Noticed a yak
  3417 | D:4      | Killed Pokonic1's ghost
  3422 | D:4      | Killed a yak
  3567 | D:4      | Noticed Duvessa
  3567 | D:4      | Noticed Dowan
  3588 | D:4      | Killed Dowan
  3590 | D:4      | Killed Duvessa
  4177 | D:5      | Entered Level 5 of the Dungeon
  4287 | D:5      | Noticed a two-headed ogre
  4298 | D:5      | Killed a two-headed ogre
  4299 | D:5      | Reached XP level 9. HP: 71/74 MP: 13/15
  4384 | D:5      | Found a transporter.
  4393 | D:5      | Noticed BigPumpCobain's ghost (novice DrSh)
  4396 | D:5      | Found a transporter.
  4550 | D:5      | Found a bloodstained altar of Trog.
  4554 | D:5      | Found a shimmering blue altar of Sif Muna.
  4964 | D:6      | Reached skill level 5 in Invocations
  5914 | D:6      | Noticed a two-headed ogre
  5925 | D:6      | Killed a two-headed ogre
  5926 | D:6      | Reached skill level 5 in Short Blades
  5926 | D:6      | Reached skill level 5 in Long Blades
  5926 | D:6      | Reached skill level 5 in Maces & Flails
  5926 | D:6      | Reached skill level 5 in Polearms
  5926 | D:6      | Reached skill level 5 in Staves
  5926 | D:6      | Reached skill level 5 in Ranged Weapons
  5926 | D:6      | Reached skill level 5 in Throwing
  5926 | D:6      | Reached skill level 5 in Stealth
  5926 | D:6      | Reached skill level 5 in Shields
  5926 | D:6      | Reached skill level 5 in Unarmed Combat
  5926 | D:6      | Reached skill level 5 in Spellcasting
  5926 | D:6      | Reached skill level 5 in Evocations
  5926 | D:6      | Reached XP level 10. HP: 78/82 MP: 17/17
  6216 | D:7      | Found a large runed translucent door.
  6216 | D:7      | Found a large runed translucent door.
  6220 | D:7      | Found a large runed translucent door.
  6220 | D:7      | Found a large runed translucent door.
  6326 | D:7      | Identified a scroll of acquirement
  6326 | D:7      | Acquired the +3 Mad Mage's Maulers {Infuse+∞ VampMP -Cast}
  6326 | D:7      | Found the +3 Mad Mage's Maulers {Infuse+∞ VampMP -Cast}
  6347 | D:7      | Noticed a manticore
  6349 | D:7      | Killed a manticore
  6454 | D:7      | Reached skill level 5 in Shapeshifting
  7168 | D:7      | Noticed a kobold demonologist
  7175 | D:7      | Killed a kobold demonologist
  7278 | D:7      | Noticed a deep elf pyromancer
  7283 | D:7      | Killed a deep elf pyromancer
  8028 | D:7      | Found Okiwutuk's Antique Weapon Emporium.
  8269 | D:7      | Found a staircase to the Ecumenical Temple.
  8468 | D:7      | Bought a glowing war axe for 227 gold pieces
  8719 | D:8      | Reached skill level 5 in Conjurations
  8719 | D:8      | Reached skill level 5 in Hexes
  8719 | D:8      | Reached skill level 5 in Summonings
  8719 | D:8      | Reached skill level 5 in Necromancy
  8719 | D:8      | Reached skill level 5 in Translocations
  8719 | D:8      | Reached skill level 5 in Fire Magic
  8719 | D:8      | Reached skill level 5 in Ice Magic
  8719 | D:8      | Reached skill level 5 in Air Magic
  8719 | D:8      | Reached skill level 5 in Earth Magic
  8719 | D:8      | Reached skill level 5 in Alchemy
  8724 | D:8      | Reached XP level 11. HP: 58/89 MP: 2/20
  9037 | D:8      | Reached **** piety under Trog
  9881 | D:9      | Found a radiant altar of Vehumet.
  9887 | D:9      | Noticed a deep elf pyromancer
  9891 | D:9      | Killed a deep elf pyromancer
 10557 | D:9      | Found a staircase to the Orcish Mines.
 10751 | D:9      | Found Xesedown's Book Emporium.
 11090 | D:9      | Noticed a two-headed ogre
 11093 | D:9      | Killed a two-headed ogre
 11499 | D:9      | Noticed a manticore
 11501 | D:9      | Noticed a boulder beetle
 11501 | D:9      | Noticed a brown ugly thing
 11502 | D:9      | Noticed a white ugly thing
 11504 | D:9      | Noticed a cyclops
 11561 | D:9      | Killed a cyclops
 11564 | D:9      | Killed a white ugly thing
 11576 | D:9      | Killed a manticore
 11585 | D:9      | Killed a brown ugly thing
 11590 | D:9      | Reached XP level 12. HP: 71/97 MP: 1/22
 11823 | D:9      | Killed a boulder beetle
 12020 | D:7      | Bought a runed war axe for 227 gold pieces
 12093 | D:10     | Entered Level 10 of the Dungeon
 13080 | D:10     | Found a staircase to the Lair.
 13101 | D:10     | Reached skill level 10 in Fighting
 13101 | D:10     | Reached skill level 10 in Axes
 13417 | Lair:1   | Entered Level 1 of the Lair of Beasts
 13419 | Lair:1   | Noticed Amaemon
 13429 | Lair:1   | Killed Amaemon
 14264 | Lair:1   | Noticed a demonic crawler
 14271 | Lair:1   | Killed a demonic crawler
 14438 | Lair:1   | You fall into a shaft and drop 1 floor!
 15036 | Lair:2   | Found a hole to the Spider Nest.
 15295 | Lair:2   | Noticed a six-headed hydra
 15301 | Lair:2   | Killed a six-headed hydra
 15302 | Lair:2   | Reached XP level 13. HP: 104/104 MP: 9/25
 16092 | Lair:2   | Found a staircase to the Shoals.
 17208 | Lair:3   | Reached skill level 10 in Armour
 17208 | Lair:3   | Reached skill level 10 in Dodging
 19482 | Lair:4   | Reached XP level 14. HP: 113/113 MP: 3/27
 19489 | Lair:4   | Reached skill level 10 in Invocations
 19490 | Lair:4   | Found a viscous altar of Jiyva.
 19631 | Lair:4   | Identified the serpent talisman of Resonant Lucidity {rF-
                  | rC++ Int+2 SInv}
 19662 | Lair:4   | Found a staircase to the Slime Pits.
 19667 | Lair:4   | Identified the +6 long sword of Sudden Death {vamp,
                  | ^Fragile Will+ Stlth+}
 20012 | Lair:5   | Entered Level 5 of the Lair of Beasts
 20595 | Lair:5   | Reached ***** piety under Trog
 21003 | Lair:5   | Received a gift from Trog
 23034 | Lair:5   | Acquired 768 gold pieces
 23044 | Lair:5   | Reached skill level 10 in Short Blades
 23044 | Lair:5   | Reached skill level 10 in Long Blades
 23044 | Lair:5   | Reached skill level 10 in Maces & Flails
 23044 | Lair:5   | Reached skill level 10 in Polearms
 23044 | Lair:5   | Reached skill level 10 in Staves
 23044 | Lair:5   | Reached skill level 10 in Ranged Weapons
 23044 | Lair:5   | Reached skill level 10 in Throwing
 23044 | Lair:5   | Reached skill level 10 in Stealth
 23044 | Lair:5   | Reached skill level 10 in Shields
 23044 | Lair:5   | Reached skill level 10 in Unarmed Combat
 23044 | Lair:5   | Reached skill level 10 in Spellcasting
 23044 | Lair:5   | Reached skill level 10 in Evocations
 23321 | Lair:5   | Reached XP level 15. HP: 107/120 MP: 0/29
 23937 | D:11     | Found a runed translucent gate.
 23939 | D:11     | Found a runed translucent gate.
 23940 | D:11     | Found a runed translucent gate.
 23945 | D:11     | Noticed Qaots's ghost (journeyman FoFi)
 25766 | D:11     | Killed Qaots's ghost
 27355 | D:12     | Noticed Josephine
 27366 | D:12     | Killed Josephine
 27501 | D:12     | Found Hissihae's Jewellery Boutique.
 27502 | D:12     | Found Hairygu's Magic Scroll Shop.
 27503 | D:12     | Found Leaniefom's Assorted Antiques.
 27504 | D:12     | Found Uhoentin's Weapon Boutique.
 27520 | D:12     | Found Betim's General Store.
 28015 | D:12     | Found Zin's Purification Station.
 28018 | D:12     | Found a glowing silver altar of Zin.
 28514 | D:12     | Bought 2 ruby potions for 52 gold pieces
 28514 | D:12     | Bought a triangular platinum amulet for 145 gold pieces
 28514 | D:12     | Bought a glowing plate armour for 754 gold pieces
 28563 | D:13     | Found Hovuqe Pext's Weapon Shop.
 28890 | D:13     | Found a gate to the Vaults.
 31793 | D:15     | Entered Level 15 of the Dungeon
 31914 | D:15     | HP: 9/183 [red ugly thing (19)]
 31927 | D:15     | Killed from afar by an occultist

Illustrated notes

Levels and vault maps discovered:
D:1:      shiori_arrival_maze, layout_basic
D:2:      layout_basic
D:3:      layout_basic, nicolae_elyvilon_peaceful_grove,
          mainiacjoe_overflow_alcove_1, nemelex_dance_club_becter,
          minmay_randomly_rotated_circles
D:4:      layout_loops_ring, ebering_ghost_inner_flame, dk_noncrumbling_2,
          minmay_fountain_box, kennysheep_generic_room_16, uniq_sigmund,
          uniq_duvessa, uniq_grinder, uniq_robin
D:5:      layout_basic, hellmonk_overflow_destroyed_library,
          gammafunk_ghost_arena
D:6:      layout_basic, grunt_ministairs_5, kennysheep_dice
D:7:      layout_basic, minmay_temple_entry_stoned_glass, serial_shops,
          nicolae_square_shop, hangedman_decor_growths, minmay_strange_pillars,
          minmay_hollow_rounded_squares
D:8:      layout_loops_ring
D:9:      minmay_chambers_of_sevens, layout_basic, vehumet_crystals,
          minmay_orc_entry_temple_small, serial_shops, shop, serial_bayou,
          serial_bayou_pond_d, serial_bayou_pond_a, serial_bayou_lagoon_a,
          serial_bayou_crossing, nicolae_where_there's_smoke
D:10:     layout_rooms, erik_lair_dragon
D:11:     layout_roguey, gammafunk_ghost_split
D:12:     layout_grid_maze, serial_shops, nicolae_shop_getting_attention,
          nicolae_wooded_promenade, zin_purify, uniq_josephine
D:13:     layout_basic, david_vaults_1, serial_shops, shop
D:14:     layout_layer_cave, kennysheep_cluttered_room
D:15:     grunt_enter_depths_magical_seal, layout_stronghold, ebering_ghost_xom,
          minmay_shop_chei, st_stairs_14
Lair:1:   layout_regular_city, worms_lemuel, serial_bayou_shore_a, uniq_amaemon
Lair:2:   layout_regular_city, minmay_shoals_entry_centaurs,
          spider_nest_entry_rubble, portal_ice_cave_rime
Lair:3:   layout_concentric_octagons, minivault_11
Lair:4:   layout_regular_city, slime_entry_1
Lair:5:   grunt_lair_end_beastmaster, layout_cellular_growth,
          minmay_lair_drake_nest, grunt_megastairs_4

Skill      XL: |  1  2  3  4  5  6  7  8  9 10 11 12 13 14 15 |
---------------+----------------------------------------------+-----
Invocations    | 1 2 3 4 5 6 7 8 9 10 11 | 11.7
Short Blades   | 1 2 3 4 5 6 7 8 9 10 | 10.8
Long Blades    | 1 2 3 4 5 6 7 8 9 10 | 10.8
Maces & Flails | 1 2 3 4 5 6 7 8 9 10 | 10.8
Polearms       | 1 2 3 4 5 6 7 8 9 10 | 10.8
Staves         | 1 2 3 4 5 6 7 8 9 10 | 10.8
Ranged Weapons | 1 2 3 4 5 6 7 8 9 10 | 10.8
Throwing       | 1 2 3 4 5 6 7 8 9 10 | 10.8
Stealth        | 1 2 3 4 5 6 7 8 9 10 | 10.8
Shields        | 1 2 3 4 5 6 7 8 9 10 | 10.8
Unarmed Combat | 1 2 3 4 5 6 7 8 9 10 | 10.8
Spellcasting   | 1 2 3 4 5 6 7 8 9 10 | 10.8
Evocations     | 1 2 3 4 5 6 7 8 9 10 | 10.8
Shapeshifting  | 1 2 3 4 5 6 7 8 9 |  9.9
Conjurations   | 1 2 3 4 5 6 7 8 9 |  9.1
Hexes          | 1 2 3 4 5 6 7 8 9 |  9.1
Summonings     | 1 2 3 4 5 6 7 8 9 |  9.1
Necromancy     | 1 2 3 4 5 6 7 8 9 |  9.1
Translocations | 1 2 3 4 5 6 7 8 9 |  9.1
Fire Magic     | 1 2 3 4 5 6 7 8 9 |  9.1
Ice Magic      | 1 2 3 4 5 6 7 8 9 |  9.1
Air Magic      | 1 2 3 4 5 6 7 8 9 |  9.1
Earth Magic    | 1 2 3 4 5 6 7 8 9 |  9.1
Alchemy        | 1 2 3 4 5 6 7 8 9 |  9.1
Armour         | 5 6 7 8 9 10 11 | 11.7
Dodging        | 5 6 7 8 9 10 11 | 11.7
Fighting       | 7 8 9 10 11 12 | 12.5
Axes           | 7 8 9 10 11 12 | 12.5

Action                     |  1- 3 |  4- 6 |  7- 9 | 10-12 | 13-15 || total
---------------------------+-------+-------+-------+-------+-------++-------
  Melee: Hand axe          |    92 |    24 |       |       |       ||   116
         Bite              |     5 |    17 |    24 |    30 |    50 ||   126
         Unarmed           |       |    54 |       |    17 |       ||    71
         Punch             |       |     4 |       |       |       ||     4
         War axe           |       |    81 |   246 |    33 |       ||   360
         Lajatang          |       |       |       |   262 |   417 ||   679
         Demon whip        |       |       |       |     2 |    15 ||    17
  Throw: Dart              |       |       |    14 |       |    14 ||    28
 Invoke: Berserk           |     2 |     4 |     7 |     5 |     7 ||    25
         Trog's Hand       |       |     3 |     2 |     2 |     4 ||    11
         Brothers in Arms  |       |       |       |     1 |       ||     1
  Evoke: Wand              |       |       |       |     3 |     2 ||     5
    Use: Scroll            |       |       |       |    25 |     8 ||    33
         Potion            |       |       |       |       |     1 ||     1
   Stab: Sleeping          |       |     1 |       |       |       ||     1
         Distracted        |       |       |       |     1 |     3 ||     4
 Armour: Animal skin       |     2 |       |       |       |       ||     2
         Leather armour    |    11 |       |       |       |       ||    11
         Ring mail         |    28 |   100 |    10 |       |       ||   138
         Chain mail        |       |       |   166 |   144 |       ||   310
         Skin              |       |       |       |     4 |       ||     4
         Plate armour      |       |       |       |    90 |   406 ||   496
  Dodge: Dodged            |    56 |    93 |   107 |   140 |   173 ||   569
  Block: Buckler           |       |       |    43 |    11 |       ||    54

Table legend: (Time is in decaauts)
 A = Elapsed time spent in this place.
 B = Non-inter-level travel time spent in this place.
 C = Inter-level travel time spent in this place.
 D = Time resting spent in this place.
 E = Time spent auto-exploring this place.
 F = Levels seen in this place.
 G = Mean time per level.
                   A        B        C        D        E       F      G
               +--------+--------+--------+--------+--------+-----+--------+
         Total |  32156 |  30859 |   1297 |   2346 |  24989 |  20 | 1607.8 |
       Dungeon |  21781 |  20829 |    952 |   1438 |  16779 |  15 | 1452.1 |
          Lair |  10375 |  10030 |    345 |    908 |   8210 |   5 | 2075.0 |
               +--------+--------+--------+--------+--------+-----+--------+

Top non-repeatable levels by time:
  Lair:5: 3572 daAuts
    D:12: 2774 daAuts
     D:7: 2529 daAuts
     D:9: 2277 daAuts
    D:11: 2127 daAuts
  Lair:4: 1810 daAuts
  Lair:3: 1767 daAuts
  Lair:2: 1712 daAuts
    D:14: 1674 daAuts
  Lair:1: 1512 daAuts
    D:10: 1482 daAuts
    D:13: 1351 daAuts
     D:8: 1294 daAuts
     D:4: 1283 daAuts
     D:6: 1143 daAuts
